 Dungeon Crawl Stone Soup version 0.27.1-3-gb3d3a73c9e (webtiles) character file.

Game seed: 1610911202475867302

800 belegose the Ducker (level 8, -2/56 HPs)
             Began as a Djinni Summoner on Oct 18, 2021.
             Killed by divine providence
             ... invoked by an orc priest
              (9 damage)
             ... on level 4 of the Dungeon.
             The game lasted 00:22:57 (7568 turns).

belegose the Ducker (Djinni Summoner)               Turns: 7568, Time: 00:22:57

Health: -2/56      AC:  3    Str:  9    XL:     8   Next: 13%
Gold:   146        EV: 13    Int: 18    God:
                   SH:  5    Dex: 13

rFire    + + .     SeeInvis .   a - +2 dagger (drain)
rCold    x . .     Faith    .   (no shield)
rNeg     . . .     Spirit   .   h - +0 robe
rPois    ∞         Reflect  +   (no helmet)
rElec    .         Harm     .   w - +0 cloak
rCorr    .         Rampage  .   (no gloves)
Will     .....                  (boots unavailable)
Stlth    ++........             q - amulet of reflection
HPRegen  0.18/turn              c - ring of wizardry
MPRegen  0.00/turn              (no ring)

@: flying
A: sickness immunity, fire resistance 2, cold vulnerability 1, float, innate
caster, hp casting, extra vitality 1
a: no special abilities


You were on level 4 of the Dungeon.
You visited 1 branch of the dungeon, and saw 4 of its levels.

You collected 146 gold pieces.

Inventory:

Hand Weapons
 a - a +2 dagger of draining (weapon)
 b - a +1 hunting sling of flaming
 l - a +0 falchion
Missiles
 e - 62 stones
 i - 19 sling bullets
Armour
 h - a +0 robe (worn)
 w - a +0 cloak (worn)
Jewellery
 c - a ring of wizardry (left hand)
 q - an amulet of reflection (around neck)
Scrolls
 d - a scroll of immolation {unknown}
 f - a scroll of torment {unknown}
 k - 3 scrolls of teleportation {unknown}
 m - a scroll of brand weapon {unknown}
 r - 4 scrolls of noise {unknown}
 s - 4 scrolls of identify {unknown}
 u - a scroll of amnesia {unknown}
 x - a scroll of enchant armour {unknown}
Potions
 g - a potion of lignification {unknown}
 j - a potion of ambrosia {unknown}
 n - a potion of haste {unknown}
 o - a potion of magic {unknown}
 p - a potion of attraction {unknown}
 t - 2 potions of degeneration {unknown}
 v - a potion of heal wounds {unknown}


   Skills:
 + Level 3.2 Fighting
 + Level 2.5 Short Blades
 + Level 2.6 Slings
 + Level 4.4 Dodging
 + Level 3.4 Stealth
 + Level 4.2 Spellcasting


You couldn't memorise any spells.
You knew the following spells:

 Your Spells              Type           Power      Damage    Failure   Level
a - Summon Small Mammal   Summ           76%        N/A       1%          1
b - Call Imp              Summ           19%        N/A       1%          2
c - Call Canine Familiar  Summ           19%        N/A       3%          3
d - Summon Guardian Gole  Hex/Summ       19%        N/A       3%          3
e - Summon Lightning Spi  Summ/Air       19%        N/A       10%         4
f - Magic Dart            Conj           76%        1d6       1%          1
g - Blink                 Tloc           N/A        N/A       1%          2
h - Wereblood             Tmut           19%        N/A       1%          2
Your spell library was empty.

Dungeon Overview and Level Annotations

Branches:
Dungeon (4/15)
 Temple: D:4-7

Altars:
Okawaru

Shops:
D:1 =   D:4 (


Innate Abilities, Weirdness & Mutations

You are immune to sickness and miasma.
You are immune to poison.
Your flesh is very heat resistant. (rF++)
You are vulnerable to cold. (rC-)
You float through the air rather than walking.
You learn spells naturally, not from books.
Your magical power is your life essence.
You have superior vitality. (+4 HP)


Message History

Beogh smites you!
* * * LOW HITPOINT WARNING * * *
The orc wizard barely misses your hound.
Your hound bites the orc priest but does no damage.
The orc wizard casts a spell at you. The magic dart hits your hound!
Casting: Call Canine Familiar (dangerous; 3% risk of failure)
Confirm with . or Enter, or press ? or * to list all spells.
You blink.
* * * LOW HITPOINT WARNING * * *
Your hound bites the orc priest.
Your hound bites the orc priest.
The orc priest hits your guardian golem but does no damage.
The orc priest hits your hound with a +0 hand axe.
Unknown command.
You aren't carrying any items that you can evoke.
Unknown command.
Casting: Blink (safe; 1% risk of failure)
Confirm with . or Enter, or press ? or * to list all spells.
Okay, then.
Your hound barely misses the orc priest.
Your hound closely misses the orc priest.
The orc wizard points at you and mumbles some strange words.
The magic dart hits you!
* * * LOW HITPOINT WARNING * * *
Your hound disappears in a puff of smoke!
There is a stone staircase leading down here.
An orc priest comes into view. It is wielding a +0 hand axe.
The orc priest shouts!
An orc comes into view. It is wielding a +0 club.
An orc priest comes into view. It is wielding a +0 dagger.
An orc wizard comes into view. It is wielding a +0 dagger.
The orc priest shouts!
The orc wizard shouts!
The orc wizard casts a spell.
The orc wizard flickers and vanishes!
Deactivating autopickup; reactivate with Ctrl-A.
The orc priest shouts!
The orc priest mumbles some strange prayers to Beogh against you.
Beogh smites you!
You die...

##.#..#......#....##.##.......#.#
#............#.......#...........
...#............................#
..######......................#..
.#######.......#..............##.
.....##........#.........<.......
.....##..........................
.................#...............
.8.<.∩.8........@#...)..........#
.......#....###.#..............##
.......##..##.#..oo.............#
....................o.o..........
.......#...#....#.............#..
###....###......##.##........###.
#.....#............##......##..
...................#........#..
#...........#...........#...


You could see 3 orc priests and an orc.

Vanquished Creatures
  6 adders
  2 gnolls (D:3)
  A howler monkey skeleton (D:4)
  A shadow imp (D:3)
  2 adder skeletons
  3 worms
  An orc (D:4)
  4 ball pythons
  3 bats
  3 endoplasms
  5 giant cockroaches
  3 goblins (D:2)
  A hobgoblin (D:2)
  A quokka (D:2)
  3 frilled lizards
  6 kobolds
  2 quokka zombies (D:3)
  A rat (D:2)
48 creatures vanquished.

Vanquished Creatures (collateral kills)
  3 black bears (D:3)
  A necrophage (D:3)
  A phantom (D:3)
  An ogre (D:3)
  3 lemures
  A gnoll (D:4)
  A worm (D:2)
  2 hobgoblins (D:1)
  A quokka (D:1)
  2 ball pythons (D:1)
  A bat (D:1)
17 creatures vanquished.

Vanquished Creatures (others)
  Pikel (D:3)
  A wyvern zombie (D:4)
  4 withered plants (D:3)
6 creatures vanquished.

Grand Total: 71 creatures vanquished

Notes
Turn   | Place    | Note
-------+----------+-------------------------------------------
     0 | D:1      | belegose the Djinni Summoner began the quest for the Orb.
     0 | D:1      | Reached XP level 1. HP: 15/15 MP: 0/0
   988 | D:1      | Found Dobaxur's Jewellery Boutique.
   993 | D:1      | Reached XP level 2. HP: 22/22 MP: 0/0
  1604 | D:2      | Reached skill level 1 in Fighting
  1604 | D:2      | Reached XP level 3. HP: 19/27 MP: 0/0
  1604 | D:2      | Learned a level 1 spell: Magic Dart
  1772 | D:2      | Found an iron altar of Okawaru.
  1786 | D:2      | Found a faded altar of an unknown god.
  2106 | D:2      | Reached XP level 4. HP: 31/32 MP: 0/0
  2633 | D:3      | Reached skill level 1 in Slings
  2741 | D:3      | Noticed a black bear
  2742 | D:3      | Noticed an ogre
  2765 | D:3      | Killed an ogre
  2766 | D:3      | Reached skill level 1 in Short Blades
  2766 | D:3      | Reached XP level 5. HP: 28/37 MP: 0/0
  2766 | D:3      | Learned a level 2 spell: Blink
  3434 | D:3      | Killed a black bear
  3809 | D:3      | Reached XP level 6. HP: 26/43 MP: 0/0
  4075 | D:4      | Noticed Pikel
  4075 | D:4      | Noticed a black bear
  4693 | D:4      | Noticed a necrophage
  4697 | D:4      | Noticed a black bear
  4753 | D:3      | Killed a black bear
  4978 | D:3      | Killed a necrophage
  4979 | D:3      | Reached XP level 7. HP: 30/49 MP: 0/0
  4979 | D:3      | Learned a level 2 spell: Wereblood
  5988 | D:3      | Killed Pikel
  5989 | D:3      | Reached XP level 8. HP: 27/56 MP: 0/0
  6759 | D:4      | Found Tofemavy's Antique Weapon Boutique.
  7537 | D:4      | HP: 1/56 [orc wizard/magic dart (8)]
  7568 | D:4      | Killed from afar by an orc priest

Illustrated notes

Levels and vault maps discovered:
D:1:      sevenhm_arrival_forest_fort_small_5, layout_basic, serial_shops, shop,
          chequers_serial_rivers_room_b, minmay_tree_intersection,
          kennysheep_nondescript
D:2:      layout_loops_ring, basic_altar, basic_ecumenical_altar,
          mrwooster_statue_mirror
D:3:      layout_loops_ring, serial_undead, serial_undead_b, serial_undead_c,
          serial_undead_c, serial_undead_b
D:4:      layout_cave_pools, marbit_many_paths, serial_shops, shop_statue,
          uniq_pikel

Skill      XL: |  1  2  3  4  5  6  7 |
---------------+----------------------+-----
Fighting       | 1 2 3 |  3.2
Stealth        | 2 3 |  3.4
Slings         | 1 2 |  2.6
Short Blades   | 1 2 |  2.5
Dodging        | 3 4 |  4.4
Spellcasting   | 4 |  4.2

Action                   |  1- 3 |  4- 6 |  7- 9 || total
-------------------------+-------+-------+-------++-------
Melee: Unarmed           |    13 |       |       ||    13
       Short sword       |     3 |       |       ||     3
       Dagger            |    39 |    96 |     9 ||   144
       Falchion          |     6 |    31 |     2 ||    39
 Fire: Hunting sling     |    37 |       |    16 ||    53
 Cast: Summon Small Mamm |    21 |       |       ||    21
       Magic Dart        |       |     3 |       ||     3
       Call Canine Famil |       |    14 |    15 ||    29
       Call Imp          |       |     4 |     7 ||    11
       Summon Guardian G |       |       |     5 ||     5
       Blink             |       |       |     4 ||     4
       Wereblood         |       |       |     1 ||     1
 Stab: Sleeping          |     2 |     2 |       ||     4
Armor: Robe              |    10 |     7 |     3 ||    20
Dodge: Dodged            |    44 |    74 |    25 ||   143
Block: Other             |     5 |    25 |     7 ||    37
       Reflection        |       |     1 |       ||     1
       Rpst.: Falchion   |       |     6 |       ||     6
